Map: Amygdala

Players

HeroMarine

  • Race: Terran Terran
  • Spawn Location: 1:00

gumiho - Winner!

  • Race: Terran Terran
  • Spawn Location: 7:00

Event: HomeStory Cup XXVI

VOD

Have the link to the VOD?

Description

Time

  • Played on: Dec. 1, 2024, 7:18 a.m.
  • Length: 7:18

All games in this series

Show
View Real Time Build Order
Export as new Build Order

HeroMarine Terran 

Build Orders:  

Get SALT Encoding   

  12  0:00  SCV  
  13  0:12  SCV  
  14  0:17  Supply Depot  
  14  0:24  SCV  
  15  0:39  SCV  
  15  0:40  Barracks  
  16  0:43  Refinery  
  16  0:51  SCV  
  16  0:53  Refinery  
  17  1:03  SCV  
  18  1:15  SCV  
  19  1:27  Orbital Command  
  19  1:28  Reaper  
  20  1:33  Supply Depot  
  20  1:41  Factory  
  20  1:53  SCV  
  21  2:00  Reaper  
  22  2:05  SCV  
  23  2:17  SCV  
  24  2:26  Hellion  
  26  2:30  SCV, Command Center  
  27  2:40  Starport  
  27  2:42  SCV  
  28  2:49  Supply Depot, Barracks Reactor  
  27  2:54  Hellion  
  27  2:56  SCV  
  30  3:08  SCV  
  31  3:17  Factory Tech Lab  
  31  3:18  Starport Tech Lab  
  31  3:20  SCV  
  31  3:26  Marine x2, Refinery  
  34  3:33  SCV  
  35  3:35  Cyclone  
  38  3:42  Raven, Orbital Command  
  38  3:46  SCV  
  41  3:49  Marine x2  
  43  3:58  SCV  
  43  4:03  Interference Matrix  
  43  4:07  Marine x2  
  43  4:08  SCV  
  46  4:10  SCV  
  46  4:15  Supply Depot  
  47  4:18  Raven  
  47  4:19  Siege Tank  
  47  4:23  Refinery  
  52  4:26  Marine x2  
  54  4:33  Supply Depot  
  54  4:37  Factory  
  54  4:43  Marine  
  54  4:44  Marine  
  56  4:47  SCV x2  
  56  4:52  Siege Tank  
  61  4:53  Supply Depot  
  63  5:07  Viking  
  63  5:08  Viking  
  65  5:15  Marine  
  65  5:19  Supply Depot  
  66  5:24  Siege Tank  
  69  5:34  SCV  
  69  5:35  SCV  
  64  5:37  Marine, Viking  
  64  5:38  Viking  
  67  5:46  SCV  
  67  5:47  SCV  
  70  5:57  Supply Depot, Siege Tank x2  
  70  6:01  Marine  
  74  6:07  Viking  
  74  6:08  Viking  
  74  6:11  SCV x2  
  80  6:23  SCV x2  
  81  6:30  Siege Tank x2  
  87  6:35  SCV x2  
  80  6:47  SCV x2  
  70  6:59  SCV  
Show
View Real Time Build Order
Export as new Build Order

gumiho Terran - Winner!

Build Orders: Gas First Reaper Expand, Banshee Rush 

Get SALT Encoding   

  12  0:00  SCV  
  13  0:12  SCV  
  14  0:16  Supply Depot  
  14  0:24  SCV  
  14  0:27  Refinery  
  15  0:38  SCV  
  16  0:42  Barracks  
  16  0:50  SCV  
  17  1:02  SCV  
  18  1:14  SCV  
  19  1:29  Orbital Command  
  19  1:30  Reaper  
  20  1:39  Command Center  
  20  1:49  Factory  
  20  1:55  SCV  
  20  2:00  Supply Depot  
  21  2:04  Marine  
  22  2:09  Refinery  
  22  2:13  SCV  
  23  2:22  Marine  
  24  2:25  SCV  
  25  2:35  Starport  
  25  2:36  Hellion  
  27  2:37  SCV  
  27  2:41  Barracks Tech Lab  
  28  2:49  SCV  
  29  2:52  Orbital Command  
  29  2:58  Hellion  
  31  3:02  SCV  
  32  3:11  Barracks Reactor  
  32  3:15  SCV  
  32  3:18  Banshee  
  32  3:19  Hellion, Barracks Reactor  
  37  3:22  Cloaking Field  
  37  3:26  SCV  
  38  3:29  SCV  
  38  3:32  Supply Depot  
  39  3:36  Refinery  
  39  3:38  SCV  
  40  3:41  SCV  
  40  3:42  Factory Tech Lab  
  41  3:50  SCV  
  41  3:53  SCV  
  43  3:57  Marine x2  
  43  4:01  Supply Depot  
  43  4:02  SCV  
  46  4:03  Banshee  
  46  4:05  SCV  
  50  4:10  Cyclone  
  50  4:14  SCV  
  54  4:20  Supply Depot  
  54  4:23  SCV  
  55  4:25  Supply Depot  
  55  4:26  SCV  
  55  4:29  Marine x2  
  58  4:35  SCV  
  59  4:42  Siege Tank  
  62  4:45  Command Center  
  62  4:49  SCV  
  62  4:52  SCV  
  64  4:54  Stimpack  
  64  4:58  Starport Reactor  
  64  5:02  Barracks  
  64  5:04  Barracks  
  64  5:05  SCV x2  
  66  5:07  Marine  
  67  5:17  SCV x2  
  67  5:18  Engineering Bay  
  67  5:21  Engineering Bay  
  69  5:23  Siege Tank  
  70  5:33  SCV x2  
  70  5:34  Marine  
  73  5:45  SCV x2  
  72  5:55  Siege Tank  
  72  5:57  Supply Depot, SCV, Starport Reactor, Marine x2  
  72  5:58  SCV, Marine x3  
  72  5:59  Orbital Command  
  79  6:07  Barracks  
  79  6:10  Barracks  
  77  6:15  Marine x3  
  77  6:16  SCV x2, Marine x2  
  84  6:27  Siege Tank  
  87  6:32  Supply Depot  
  87  6:33  Marine x4  
  87  6:34  Supply Depot  
  87  6:39  Marine  
  87  6:41  Medivac x2  
  91  6:51  Marine x3  
  87  6:54  Marine x2  
  87  6:56  SCV x2, Marine  
Tags
 
Add a new tag
Caveats
  • Supply blocks, unpowered buildings, or Contaminate may cause inaccurate times.
  • Supply counts are checked every 10 seconds.